 Dungeon Crawl Stone Soup version 0.19-a0-1933-g052ff51 (webtiles) character file.

71 Kaname the Grave Robber (level 4, -1/35 HPs)
             Began as a Demonspawn Necromancer on Oct 26, 2016.
             Slain by a gnoll
             ... wielding a +0 club
              (6 damage)
             ... on level 2 of the Dungeon.
             The game lasted 00:05:07 (1850 turns).

Kaname the Grave Robber (Demonspawn Necromancer)    Turns: 1850, Time: 00:05:07

Health: -1/35      AC:  2    Str:  9    XL:     4   Next: 5%
Magic:  6/7        EV: 12    Int: 17    God:
Gold:   160        SH:  0    Dex: 13    Spells: 3 memorised, 2 levels left

rFire  . . .     SeeInvis .     h - +1 dagger (elec)
rCold  . . .     Gourm    .     a - +0 robe
rNeg   . . .     Faith    .     (no shield)
rPois  +         Spirit   .     (no helmet)
rElec  .         Reflect  .     (no cloak)
rCorr  .         Harm     +     (no gloves)
MR     .....                    (no boots)
Stlth  ++........               t - amulet of harm
                                (no ring)
                                i - ring of poison resistance

@: no status effects
A: talons 1
a: no special abilities


You were on level 2 of the Dungeon.
You were not hungry.

You visited 1 branch of the dungeon, and saw 3 of its levels.

You collected 160 gold pieces.

Inventory:

Hand Weapons
 h - a +1 dagger of electrocution (weapon)
Armour
 a - a +0 robe (worn)
Jewellery
 i - a ring of poison resistance (left hand)
 t - an amulet of harm (around neck)
Scrolls
 d - a scroll of recharging {unknown}
 f - 2 scrolls of identify {unknown}
 g - a scroll of amnesia {unknown}
 n - a scroll of enchant weapon {unknown}
 p - a scroll of remove curse {unknown}
 q - a scroll of magic mapping {unknown}
 r - a scroll of noise {unknown}
 s - a scroll of enchant armour {unknown}
 v - a scroll of teleportation {unknown}
Potions
 e - 2 potions of mutation {unknown}
 k - a potion of curing {unknown}
 m - 2 potions of lignification {unknown}
 u - a potion of cancellation {unknown}
 w - 2 potions of degeneration {unknown}
Books
 b - a book of Necromancy

   Spells                             Type                      Level
   a - Pain                           Necromancy                   1
   b - Animate Skeleton               Necromancy                   1
   c - Vampiric Draining              Necromancy                   3
   d - Regeneration                   Charms/Necromancy            3
   e - Animate Dead                   Necromancy                   4
   f - Control Undead                 Necromancy                   4
Comestibles
 c - 5 bread rations
 j - a slice of pizza
 l - a beef jerky
 o - a meat ration
 x - a chunk of flesh


   Skills:
 - Level 3.0 Fighting
 - Level 1.7 Dodging
 - Level 1.7 Stealth
 - Level 2.0 Spellcasting
 + Level 5.0 Necromancy


You had 2 spell levels left.
You knew the following spells:

 Your Spells              Type           Power        Failure   Level  Hunger
a - Pain                  Necr           ###.         2%          1    #......
b - Vampiric Draining     Necr           ###.......   10%         3    ###....
c - Animate Skeleton      Necr           N/A          2%          1    #......


Dungeon Overview and Level Annotations

Branches:
Dungeon (3/15)

Altars:


Innate Abilities, Weirdness & Mutations

You have sharp toenails.


Message History

Aim: a gnoll (hasn't noticed you, chance to defeat MR: 84%)
The gnoll shouts!
The gnoll writhes in agony!
The gnoll shouts! x2
An orc wizard comes into view. It is wielding a dagger.
You closely miss the gnoll.
The gnoll is moderately wounded.
The gnoll hits you!
The orc wizard gestures wildly while chanting.
The orc wizard blinks!
The gnoll closely misses you.
An orc comes into view. It is wielding a hand axe.
The gnoll hits you.
The gnoll hits you from afar with a halberd.
The gnoll hits you with a club!
* * * LOW HITPOINT WARNING * * *
You climb upwards.
There is a stone staircase leading down here.
The gnoll hits you with a club.
You die...

..#.#..#.#..#.###.#
#####......
'##.#'##.#'##.# #.##
####... ..............#
#.÷### ######...
'##.#+##.#+##.#
##...####..†.....
..#.#..#.#..#.#
###.##...####...
..#.#..'.'..#.#
##......### #...
###.####.####.###..#.####
#...
..(....(....).##gg##.###
##..
#############.##@###...#
#... ..### #.....#..#
###.#######... ....##
#....<#.## #.<.....)...
.##..# #.......#
#########... .....#
#.....### #... .#####
###.### #... .# #.# ##..
.##########.### ##.
..............######## #.


You could see 2 gnolls.

Vanquished Creatures
  2 adders (D:2)
  A worm (D:2)
  A dart slug (D:1)
  2 leopard geckos (D:1)
  10 bats
  A giant cockroach (D:1)
  3 goblins
  7 hobgoblins
  2 jackals (D:2)
  3 kobolds
  A quokka (D:2)
  2 ball pythons (D:2)
  6 frilled lizards (D:2)
  6 rats
47 creatures vanquished.

Notes
Turn   | Place    | Note
-------+----------+-------------------------------------------
     0 | D:1      | Kaname the Demonspawn Necromancer began the quest for the Orb.
     0 | D:1      | Reached XP level 1. HP: 13/13 MP: 3/3
   307 | D:1      | Gained mutation: You have sharp toenails. [demonic ancestry]
   307 | D:1      | Reached XP level 2. HP: 19/19 MP: 3/5
   310 | D:1      | Reached skill level 5 in Necromancy
   464 | D:1      | Reached skill level 1 in Fighting
   804 | D:2      | Reached XP level 3. HP: 26/26 MP: 4/6
  1512 | D:2      | Reached XP level 4. HP: 24/34 MP: 5/7
  1694 | D:2      | Learned a level 3 spell: Vampiric Draining
  1696 | D:2      | Learned a level 1 spell: Animate Skeleton
  1850 | D:2      | Slain by a gnoll

Vault maps used:
D:1:      dpeg_arrival_subterranean_lakeside_camping
D:2:      minmay_door_path, first_bread
D:3:      minmay_misc_feat_four_crosses, lexackson_kobold_supper,
          uniq_crazy_yiuf_cottage

Skill      XL: |  1  2  3  4 |
---------------+-------------+-----
Necromancy     | 5 |  5.0
Fighting       | 1 2 3 |  3.0
Dodging        | |  1.7
Stealth        | |  1.7
Spellcasting   | |  2.0

Action                   |  1- 3 |  4- 6 || total
-------------------------+-------+-------++-------
Melee: Unarmed           |     6 |       ||     6
       Dagger            |    82 |     7 ||    89
       Kick              |    14 |       ||    14
 Cast: Pain              |    23 |     2 ||    25
 Stab: Sleeping          |     6 |       ||     6
  Eat: Chunk             |     2 |     1 ||     3
Armor: Robe              |    20 |       ||    20
Dodge: Dodged            |    55 |     4 ||    59
